 Dungeon Crawl Stone Soup version 0.30.1-11-g7821555f0a (webtiles) character file.

Game seed: 9495917693891926585

330 hellfireifrit the Ruffian (level 6, -5/48 HPs)
             Began as a Draconian Transmuter on Nov 10, 2023.
             Was an Initiate of Ashenzari.
             Killed by divine providence
             ... invoked by an orc priest
              (11 damage)
             ... on level 4 of the Dungeon.
             The game lasted 00:33:01 (3484 turns).

hellfireifrit the Ruffian (Draconian Transmuter)    Turns: 3484, Time: 00:33:02

Health: -5/48      AC:  7    Str: 14    XL:     6   Next: 26%
Magic:  9/9        EV: 18    Int: 13    God:    Ashenzari [......]
Gold:   167        SH:  0    Dex: 12    Spells: 6/9 levels left

rFire   . .          .
                       - Unarmed
rCold   . . .        (no shield)
rNeg    . . .        (body armour unavailable)
rPois   .            (helmet restricted)
rElec   .            (no cloak)
rCorr   .            (no gloves)
SInv    .            w - +0 pair of boots
Will    .....        (no amulet)
Stlth   ++           C - +5 ring of evasion
HPRegen 0.28/turn    (no ring)
MPRegen 0.11/turn

%: no passive effects
@: no status effects
A: AC +6, unfitting armour, cold-blooded
a: Renounce Religion, Curse Item


You were on level 4 of the Dungeon.
You worshipped Ashenzari.
Ashenzari was noncommittal.
You visited 1 branch of the dungeon, and saw 4 of its levels.
You also visited: Sewer.

You collected 167 gold pieces.

Inventory:

Hand Weapons
 l - a +0 short sword
 o - a +0 club
 p - a +0 vampiric dagger
 t - a +2 spear of venom
Missiles
 m - 5 poisoned darts
Armour
 i - a +0 leather armour
 n - a +0 scale mail
 w - a +0 pair of boots (worn)
 y - a +0 helmet
 E - a +0 ring mail
 I - a +0 robe
Magical Staves
 s - a staff of poison
 v - a staff of poison
Jewellery
 C - a +5 ring of evasion (left hand)
Scrolls
 c - 2 scrolls of teleportation {unknown}
 d - 3 scrolls of blinking {unknown}
 e - a scroll of immolation {unknown}
 f - 4 scrolls of fog {unknown}
 g - a scroll of amnesia {unknown}
 h - a scroll of fear {unknown}
 k - 3 scrolls of enchant armour {unknown}
 q - 5 scrolls of identify {unknown}
 r - 3 scrolls of enchant weapon {unknown}
 B - 4 scrolls of poison {unknown}
 F - 2 scrolls of noise
 G - a scroll of magic mapping {unknown}
 H - a scroll of brand weapon {unknown}
Potions
 a - a potion of lignification
 b - 3 potions of magic {unknown}
 j - a potion of haste {unknown}
 u - a potion of might {unknown}
 x - 5 potions of flight
 z - a potion of heal wounds {unknown}
 A - a potion of curing
 D - 4 potions of invisibility {unknown}


   Skills:
 + Level 1.7 Fighting
 + Level 3.6 Dodging
 + Level 1.5 Stealth
 + Level 5.2 Unarmed Combat
 + Level 2.3 Spellcasting
 + Level 2.4 Transmutations


You had 6 spell levels left.
You knew the following spells:

 Your Spells              Type           Power      Damage    Failure   Level
a - Beastly Appendage     Tmut           14%        N/A       9%          1
b - Wereblood             Tmut           7%         N/A       14%         2

Your spell library contained the following spells:

 Spells                   Type           Power      Damage    Failure   Level
 Passwall                 Tmut/Erth      3%         N/A       22%         2
 Kiss of Death            Conj/Necr      4%         2d5       24%         1
 Sandblast                Erth           2%         2d4       24%         1
 Spider Form              Tmut/Pois      4%         N/A       41%         3
 Confusing Touch          Hex            1%         N/A       58%         3
 Stone Arrow              Conj/Erth      2%         3d7       58%         3
 Ice Form                 Ice/Tmut       4%         N/A       83%         4
 Dispel Undead            Necr           1%         3d6       94%         4


Dungeon Overview and Level Annotations

Branches:
Dungeon (4/15)              Sewer (visited)
 Temple: D:4-7

Altars:
Ashenzari

Shops:
D:1 ??[:


Innate Abilities, Weirdness & Mutations

Your plain brown scales are hard. (AC +6)
You cannot fit into any form of body armour.
You are cold-blooded and may be slowed by cold attacks.


Message History

The orc priest is lightly wounded.
The orc priest calls upon Beogh to heal the orc warrior.
The orc warrior is healed somewhat.
You closely miss the orc priest.
Your tail-slap misses the orc priest.
The orc priest is lightly wounded.
You hit the orc warrior but do no damage.
Your tail-slap misses the orc warrior.
The orc warrior is lightly wounded.
You hit the orc warrior but do no damage.
The orc warrior is lightly wounded.
The orc priest calls upon Beogh to heal the orc warrior.
The orc warrior's wounds heal themselves!
The orc warrior barely misses you.
You hit the orc warrior but do no damage.
You barely miss the orc warrior.
The orc priest looks satisfied for a moment.
The orc warrior hits you with a +0 flail.
You hit the orc warrior but do no damage.
The orc warrior misses you.
You hit the orc warrior but do no damage.
The orc warrior hits you with a +0 flail.
You hit the orc warrior but do no damage.
Your tail-slap misses the orc warrior.
The orc warrior closely misses you.
You barely miss the orc warrior.
The orc warrior hits you with a +0 flail!
You closely miss the orc warrior.
You tail-slap the orc warrior, but do no damage.
The orc warrior hits you but does no damage.
You hit the orc warrior but do no damage.
The orc warrior hits you with a +0 flail!
* * * LOW HITPOINT WARNING * * *
It was a potion of curing.
You feel better.
The orc warrior hits you with a +0 flail!
* * * LOW HITPOINT WARNING * * *
The orc priest looks satisfied for a moment.
You barely miss the orc warrior. The orc warrior completely misses you.
You completely miss the orc warrior.
The orc priest calls down the wrath of Beogh upon you.
Beogh smites you!
You die...

##.######
#..####..#.....
#.........#
######.#### #..#
#.## ###.######
#########..........
#oo@.......########
###g#######..#
#.).# ##.# ##.##
#... # #..# ##....
# ##"# #<.[...c. o#
w......# oo .....
#.# ..o.


You could see an orc warrior, an orc priest and a hobgoblin.

Vanquished Creatures
  A scorpion (D:4)
  A sleepcap (D:4)
  13 adders
  2 river rats (Sewer)
  A worm (Sewer)
  2 dart slugs (D:1)
  3 orcs (D:4)
  14 ball pythons
  12 bats
  7 endoplasms
  8 giant cockroaches
  8 goblins
  3 hobgoblins
  6 jackals
  7 quokkas
  5 frilled lizards
  7 kobolds
  5 rats
  A spectral kobold (D:1)
106 creatures vanquished.

Notes
Turn   | Place    | Note
-------+----------+-------------------------------------------
     0 | D:1      | hellfireifrit the Draconian Transmuter began the quest for
                  | the Orb.
     0 | D:1      | Reached XP level 1. HP: 16/16 MP: 3/3
     1 | D:1      | Found Guxzon's Magic Scroll Boutique.
    23 | D:1      | Found Ecziof's Antique Armour Boutique.
   260 | D:1      | Reached XP level 2. HP: 21/23 MP: 5/5
   302 | D:1      | Found Umakkuup's Book Boutique.
   440 | D:1      | Found a faded altar of an unknown god.
   457 | D:1      | Prayed at the altar of an unknown god.
   457 | D:1      | Became a worshipper of Ashenzari the Shackled
   638 | D:1      | Found Xoimihuwk's Magic Scroll Shoppe.
   699 | D:1      | Learned a level 2 spell: Wereblood
   922 | D:2      | Reached XP level 3. HP: 28/28 MP: 6/6
  1137 | D:2      | Reached XP level 4. HP: 35/35 MP: 7/7
  1774 | D:3      | Reached skill level 1 in Stealth
  1873 | D:3      | Reached skill level 4 in Unarmed Combat
  2159 | D:4      | Noticed a centaur
  2219 | D:4      | Found a glowing drain.
  2265 | Sewer    | Entered a sewer
  2275 | Sewer    | Reached XP level 5. HP: 38/41 MP: 6/8
  3315 | D:4      | Reached skill level 5 in Unarmed Combat
  3339 | D:4      | Reached XP level 6. HP: 28/48 MP: 9/9
  3447 | D:4      | Noticed an orc warrior
  3484 | D:4      | Killed from afar by an orc priest

Illustrated notes

Levels and vault maps discovered:
D:1:      mrwooster_arrival_statue, layout_rooms,
          dreamdust_ecumenical_altar_drowned_temple, serial_shops, shop,
          nicolae_shop_rolled_up, nicolae_shop_crystal, shop
D:2:      layout_basic, hangedman_decor_slide_cut, nrook_uturn
D:3:      layout_loops_cross
D:4:      layout_rooms, portal_sewer_entry_d, uniq_edmund

Skill      XL: |  1  2  3  4  5 |
---------------+----------------+-----
Dodging        | 2 3 |  3.6
Stealth        | 1 |  1.5
Unarmed Combat | 4 5 |  5.2
Fighting       | |  1.7
Spellcasting   | |  2.3
Transmutations | |  2.4

Action                     |  1- 3 |  4- 6 || total
---------------------------+-------+-------++-------
  Melee: Unarmed           |   141 |   276 ||   417
         Tailslap          |    15 |    41 ||    56
         Punch             |     2 |     6 ||     8
         Headbutt          |     1 |     4 ||     5
         Kick              |     1 |     4 ||     5
   Cast: Beastly Appendage |     3 |     3 ||     6
         Wereblood         |       |     1 ||     1
    Use: Potion            |       |     1 ||     1
   Stab: Sleeping          |       |     2 ||     2
 Armour: Skin              |    59 |    79 ||   138
  Dodge: Dodged            |    75 |   271 ||   346
